 Dungeon Crawl Stone Soup version 0.25-a0-589-g1e14c549ee (webtiles) character file.

Game seed: 10259828449199712399, levelgen mode: deterministic

228 KiliKikkendorf the Cutter (level 6, -5/39 HPs)
             Began as a Halfling Skald on Mar 9, 2020.
             Killed by divine providence
             ... invoked by an orc priest
              (11 damage)
             ... on level 4 of the Dungeon.
             The game lasted 00:32:43 (4335 turns).

KiliKikkendorf the Cutter (Halfling Skald)          Turns: 4335, Time: 00:32:44

Health: -5/39      AC:  6    Str: 14    XL:     6   Next: 22%
Magic:  4/8        EV: 15    Int: 11    God:
Gold:   113        SH:  0    Dex: 14    Spells: 1/8 levels left

rFire    . . .     SeeInvis .   a - +0 short sword
rCold    . . .     Gourm    .   (shield restricted)
rNeg     . . .     Faith    .   f - +0 leather armour
rPois    .         Spirit   .   i - +0 helmet
rElec    .         Reflect  .   (no cloak)
rCorr    .         Harm     .   e - +1 pair of gloves
MR       .....                  (no boots)
Stlth    +.........             (no amulet)
HPRegen  0.13/turn              m - ring of wizardry
MPRegen  0.11/turn              (no ring)

@: no status effects
A: small, mutation resistance 1
a: no special abilities


You were on level 4 of the Dungeon.
You were not hungry.

You visited 1 branch of the dungeon, and saw 4 of its levels.

You collected 113 gold pieces.

Inventory:

Hand Weapons
 a - a +0 short sword (weapon)
 g - a +0 hunting sling
Missiles
 d - 14 sling bullets
 n - 5 silver boomerangs (quivered)
Armour
 b - a +0 robe
 e - a +1 pair of gloves (worn)
 f - a +0 leather armour (worn)
 h - a +0 kite shield
 i - a +0 helmet (worn)
Jewellery
 m - a ring of wizardry (left hand)
Wands
 o - a wand of random effects (18)
Scrolls
 k - a scroll of amnesia
 l - 4 scrolls of remove curse
 q - a scroll of blinking
Potions
 c - a potion of haste
 j - a potion of ambrosia {unknown}
 p - 2 potions of curing


   Skills:
 + Level 2.0 Fighting
 * Level 4.7 Short Blades
 + Level 1.2 Slings
 + Level 2.5 Armour
 * Level 3.2 Dodging
 + Level 0.1 Stealth
 + Level 1.9 Spellcasting
 * Level 4.2 Charms


You had one spell level left.
You knew the following spells:

 Your Spells              Type           Power        Failure   Level  Hunger
a - Shroud of Golubria    Chrm/Tloc      #.....       10%         2    ###....
b - Song of Slaying       Chrm           ##......     4%          2    ###....
c - Spectral Weapon       Hex/Chrm       #.......     19%         3    ####...

Your spell library contained the following spells:

 Spells                   Type           Power        Failure   Level  Hunger
 Infusion                 Chrm           ##..         2%          1    ##.....
 Ozocubu's Armour         Chrm/Ice       #.......     19%         3    ####...


Dungeon Overview and Level Annotations

Branches:
Dungeon (4/15)             Temple (0/1) D:4

Altars:
Ru
Xom
Zin


Innate Abilities, Weirdness & Mutations

You are small and have problems with some larger weapons.
You are somewhat resistant to further mutation.


Message History

The orc priest calls down the wrath of Beogh upon you.
Pain shoots through your body!
You hit the orc priest.
The orc priest is severely wounded.
Your spectral weapon hits the orc priest.
You kill the orc priest!
Your Armour skill increases to level 2!
The orc priest hits you from afar with a +0 trident.
Your shroud falls apart!
Throwing (i - inventory)
n - 6 silver boomerangs (quivered)
Press: ? - help, Shift-Dir - straight line, f/p - orc priest
Aim: an orc priest, wielding a +0 trident You throw a silver boomerang.
The silver boomerang hits the orc priest.
The orc priest is moderately wounded.
The orc priest hits you from afar with a +0 trident!
* * * LOW HITPOINT WARNING * * *
The orc priest invokes the aid of Beogh against you.
Beogh smites you!
You die...

.# ###.#...........# ...
......#.#.#.#.#.# #
#.#######............#####
#.#.......................†.
.'.....)##.........########
.#.....h###########........
###...........# #.#######
#...........# #.#
###...(o)@....# #.#
##.......(.....# ##.######
......≈...####### #.......#
...≈≈≈≈≈≈## #.......#
...≈.o≈.g##########..)....#
#..≈..≈...................+
#_.'......########........#
#####.....# #........#
+......# #........##


You could see 2 orc priests, a gnoll, a jackal and a friendly spectral +0 short
sword.

Vanquished Creatures
  A crimson imp (D:1)
  An orc priest (D:4)
  Robin (D:1)
  2 gnolls (D:4)
  5 adders
  6 worms
  A dart slug (D:2)
  3 leopard geckos
  An orc (D:4)
  A ball python (D:2)
  6 giant cockroaches
  9 goblins
  6 hobgoblins
  9 kobolds
  A quokka (D:2)
  7 bats
  7 frilled lizards
  7 rats
74 creatures vanquished.

Notes
Turn   | Place    | Note
-------+----------+-------------------------------------------
     0 | D:1      | KiliKikkendorf the Halfling Skald began the quest for the
                  | Orb.
     0 | D:1      | Reached XP level 1. HP: 14/14 MP: 3/3
   333 | D:1      | Reached XP level 2. HP: 16/19 MP: 0/4
   425 | D:1      | Learned a level 2 spell: Song of Slaying
  1168 | D:2      | Noticed Robin
  1352 | D:1      | Reached XP level 3. HP: 24/24 MP: 3/5
  1382 | D:1      | Killed Robin
  1679 | D:2      | Found a shimmering altar of Xom.
  1679 | D:2      | Found a glowing silver altar of Zin.
  1680 | D:2      | Noticed an angel
  2101 | D:1      | Reached skill level 1 in Slings
  2101 | D:1      | Reached XP level 4. HP: 14/29 MP: 6/6
  2476 | D:2      | Reached XP level 5. HP: 17/34 MP: 7/7
  3264 | D:2      | Learned a level 2 spell: Shroud of Golubria
  3688 | D:3      | Learned a level 3 spell: Spectral Weapon
  3765 | D:3      | Found a faded altar of an unknown god.
  4146 | D:4      | Found a staircase to the Ecumenical Temple.
  4217 | D:4      | Reached XP level 6. HP: 35/39 MP: 8/8
  4222 | D:4      | Found a sacrificial altar of Ru.
  4335 | D:4      | Killed from afar by an orc priest

Levels and vault maps discovered:
D:1:      dpeg_arrival_rhombus, layout_basic
D:2:      minmay_evil_eye, layout_loops_cross,
          grunt_temple_overflow_order_and_chaos_1, uniq_robin
D:3:      layout_loops_ring, old_standard_altar,
          chequers_ecumenical_altar_simple, minivault_24,
          uniq_crazy_yiuf_cottage
D:4:      layout_basic, hangedman_ru_absence, tgw_fedhas,
          minmay_temple_entry_glass, first_ration

Skill      XL: |  1  2  3  4  5  6 |
---------------+-------------------+-----
Short Blades   | 3 4 |  4.7
Fighting       | 2 |  2.0
Slings         | 1 |  1.2
Charms         | 4 |  4.2
Dodging        | 3 |  3.2
Armour         | 2 |  2.5
Stealth        | |  0.1
Spellcasting   | |  1.9

Action                   |  1- 3 |  4- 6 || total
-------------------------+-------+-------++-------
Melee: Short sword       |   168 |   233 ||   401
 Fire: Hunting sling     |    33 |    14 ||    47
Throw: Boomerang         |       |     4 ||     4
 Cast: Infusion          |    13 |     1 ||    14
       Song of Slaying   |     9 |     3 ||    12
       Shroud of Golubri |       |     3 ||     3
       Spectral Weapon   |       |     1 ||     1
  Use: Potion            |     3 |     2 ||     5
       Scroll            |     2 |     4 ||     6
 Stab: Sleeping          |       |     2 ||     2
       Distracted        |       |     1 ||     1
  Eat: Ration            |     2 |     2 ||     4
       Chunk             |       |     1 ||     1
Armor: Leather armour    |    46 |    36 ||    82
Dodge: Dodged            |   130 |   143 ||   273

Table legend:
 A = Non-vault XP
 B = Vault XP
 C = Vault XP percentage of total XP
 D = Non-vault monster count
 E = Vault monster count
 F = Vault count percentage of total count
                 A         B        C        D         E       F
            +---------+---------+-------+---------+---------+-------
      Total |     268 |      58 |  17.8 |      60 |      14 |  18.9
            +---------+---------+-------+---------+---------+-------
        D:1 |      80 |      27 |  25.2 |      16 |       8 |  33.3
        D:2 |      82 |      31 |  27.4 |      28 |       6 |  17.6
        D:3 |      26 |       0 |   0.0 |       9 |       0 |   0.0
        D:4 |      80 |       0 |   0.0 |       7 |       0 |   0.0
            +---------+---------+-------+---------+---------+-------
